 Dungeon Crawl Stone Soup version 0.20-a0-972-gb9bd3e6 (webtiles) character file.

3811 dvd the Fighter (level 10, 0/82 HPs)
             Began as a Bultungin Wanderer on Apr 9, 2017.
             Was a Believer of Wu Jian.
             Slain by an ogre
             ... wielding a +0 giant spiked club
              (15 damage)
             ... on level 7 of the Dungeon.
             The game lasted 00:25:47 (8789 turns).

dvd the Fighter (Bultungin Wanderer)                Turns: 8789, Time: 00:25:48

Health: 0/82       AC: 10    Str: 11      XL:     10   Next: 17%
Magic:  18/18      EV: 12    Int: 14 (17) God:    Wu Jian [**....]
Gold:   173        SH:  0    Dex: 11 (13) Spells: 20/20 levels left

rFire    . . .     SeeInvis +   I - +2 war axe (elec)
rCold    . . .     Gourm    .   (no shield)
rNeg     . . .     Faith    .   x - +0 scale mail
rPois    .         Spirit   .   (no helmet)
rElec    .         Reflect  .   (no cloak)
rCorr    +         Harm     .   (no gloves)
MR       .....                  r - +1 pair of boots
Stlth    +++.......             (no amulet)
Regen    0.3/turn               w - ring of resist corrosion
MPRegen  0.2/turn               D - ring of stealth

@: no status effects
A: short attention span, fangs 1, see invisible, strong nose
a: Renounce Religion


You were on level 7 of the Dungeon.
You worshipped Wu Jian.
Wu Jian was pleased with you.
You were hungry.

You visited 2 branches of the dungeon, and saw 8 of its levels.

You collected 173 gold pieces.

Inventory:

Hand Weapons
 a - a +2 long sword of slicing
 c - a +0 hand crossbow
 i - a +3 short sword of flaming
 s - a +0 falchion of electrocution
 t - a +0 morningstar of protection
 E - a +2 dagger
 I - a +2 war axe of electrocution (weapon)
Missiles
 d - 74 bolts
 y - 3 tomahawks (quivered)
Armour
 r - a +1 pair of boots (worn)
 u - a +0 robe of magic resistance
 x - a +0 scale mail (worn)
Magical Staves
 G - an uncursed staff of power
Jewellery
 w - a ring of resist corrosion (left hand)
 D - a ring of stealth (right hand)
Wands
 H - a wand of digging (19/24)
Scrolls
 n - 2 scrolls of teleportation
 o - a scroll of remove curse
 q - 3 scrolls of enchant weapon
 v - 6 scrolls of identify
 F - 3 scrolls of amnesia
Potions
 b - a potion of heal wounds
 e - a potion of lignification
 k - a potion of agility
 z - a potion of brilliance
 A - 2 potions of haste
Comestibles
 f - 3 chunks of flesh
 g - 7 bread rations
 h - 9 royal jellies
 p - 2 meat rations


   Skills:
 + Level 8.9 Fighting
 + Level 7.2(8.5) Short Blades
 + Level 8.3(9.0) Long Blades
 + Level 1.7(3.9) Axes
 + Level 5.5(5.7) Maces & Flails
 + Level 7.5 Crossbows
 + Level 7.4 Armour
 + Level 8.0 Dodging
 + Level 5.7 Stealth
 + Level 4.9 Unarmed Combat
 + Level 5.6 Spellcasting
 + Level 5.7 Evocations


You had 20 spell levels left.
You didn't know any spells.

Dungeon Overview and Level Annotations

Branches:
Dungeon (7/15)             Temple (1/1) D:5

Altars:
Ashenzari
Cheibriados
Dithmenos
Elyvilon
Fedhas
Gozag
Hepliaklqana
Kikubaaqudgha
Makhleb
Nemelex Xobeh
Okawaru
Qazlal
Ru
Sif Muna
Trog
Uskayaw
Vehumet
Wu Jian
Xom
Yredelemnul
Zin
The Shining One


Innate Abilities, Weirdness & Mutations

You have a short attention span.
You have very sharp teeth.
You have supernaturally acute eyesight. (SInv)
Your uncanny sense of smell can sniff out nearby items.


Message History

The ogre hits you with a giant spiked club!
* * * LOW HITPOINT WARNING * * *
You hit the ogre.
The ogre is almost dead.
The ogre hits you but does no damage.
Unknown command.
You hit the ogre.
The ogre is almost dead.
The ogre closely misses you.
You barely miss the ogre.
The ogre is almost dead.
The ogre closely misses you.
The orc wizard points at you and mumbles some strange words.
The magic dart hits you!
* * * LOW HITPOINT WARNING * * *
Unknown command.
You completely miss the ogre.
The ogre is almost dead.
The ogre hits you with a giant spiked club!
You die...

. ....(...((...
#.####..(........#
...#....%.#.o...
###.#....(.......
###.#...o..##......
#....#.............
#............O.
##o#)#.#.......
##..#@#.#.......
#..#[?O.#.......
#.#()#.)%.......#
#.#...#..........
##..............#
#(....##.....#...
#.....##.....#...
#....## ##.......
##.### .#....#


You could see an ogre and an orc wizard.

Vanquished Creatures
  A hippogriff (D:7)
  Sigmund (D:3)
  An orc warrior (D:7)
  A phantom (D:6)
  2 bullfrogs
  5 killer bees (D:7)
  2 howler monkeys
  5 wights (D:6)
  2 crimson imps (D:5)
  4 hounds
  2 quasits (D:6)
  6 orc wizards
  A bullfrog skeleton (D:6)
  6 orc priests
  A centaur skeleton (D:5)
  6 worker ants
  A killer bee zombie (D:6)
  9 adders
  11 gnolls
  A shadow imp (D:6)
  4 oozes
  An adder zombie (D:5)
  2 adder skeletons (D:5)
  3 worms (D:4)
  A leopard gecko (D:5)
  18 orcs
  9 bats
  8 giant cockroaches
  8 goblins
  8 hobgoblins
  11 jackals
  2 quokkas
  A ball python (D:3)
  6 frilled lizards
  7 kobolds
  A leopard gecko skeleton (D:4)
  5 rats
163 creatures vanquished.

Vanquished Creatures (others)
  A ball python (D:5)
1 creature vanquished.

Grand Total: 164 creatures vanquished

Notes
Turn   | Place    | Note
-------+----------+-------------------------------------------
     0 | D:1      | dvd the Bultungin Wanderer began the quest for the Orb.
     0 | D:1      | dvd set off with: a +2 dagger, a potion of heal wounds, a +0 hand crossbow, 27 bolts, a potion of lignification, a +0 robe, a bread ration
     0 | D:1      | Reached XP level 1. HP: 20/20 MP: 1/1
   145 | D:1      | Reached XP level 2. HP: 26/26 MP: 2/2
   819 | D:1      | Reached skill level 1 in Short Blades
   819 | D:1      | Reached XP level 3. HP: 32/32 MP: 3/3
  1798 | D:2      | HP: 1/32 [gnoll/whip (8)]
  1808 | D:1      | Reached skill level 5 in Fighting
  2104 | D:2      | Reached skill level 1 in Dodging
  2242 | D:2      | Reached XP level 4. HP: 15/39 MP: 4/4
  2721 | D:2      | Found a deep blue altar of Sif Muna.
  3058 | D:3      | Reached skill level 5 in Stealth
  3058 | D:3      | Reached XP level 5. HP: 27/45 MP: 5/5
  3395 | D:3      | Reached skill level 1 in Maces & Flails
  3693 | D:3      | Noticed Sigmund
  3716 | D:3      | Killed Sigmund
  3716 | D:3      | Reached skill level 1 in Crossbows
  3716 | D:3      | Reached XP level 6. HP: 48/52 MP: 6/6
  4350 | D:4      | Reached XP level 7. HP: 36/58 MP: 7/7
  5015 | D:5      | Entered Level 5 of the Dungeon
  5211 | D:5      | Reached skill level 5 in Maces & Flails
  5414 | D:5      | Found a staircase to the Ecumenical Temple.
  5423 | Temple   | Entered the Ecumenical Temple
  5618 | Temple   | Became a worshipper of the Wu Jian Council
  5675 | D:5      | Reached skill level 1 in Long Blades
  5741 | D:5      | Found a shadowy altar of Dithmenos.
  6389 | D:5      | Reached XP level 8. HP: 62/67 MP: 8/8
  6760 | D:6      | Reached skill level 5 in Dodging
  6766 | D:6      | Reached skill level 1 in Armour
  7058 | D:6      | Reached * piety under Wu Jian
  7270 | D:6      | Reached skill level 5 in Long Blades
  8005 | D:6      | Reached skill level 5 in Spellcasting
  8005 | D:6      | Reached skill level 5 in Evocations
  8005 | D:6      | Reached XP level 9. HP: 75/75 MP: 8/17
  8362 | D:7      | Reached XP level 10. HP: 20/82 MP: 18/18
  8602 | D:7      | Reached ** piety under Wu Jian
  8789 | D:7      | Slain by an ogre

Vault maps used:
D:1:      grunt_arrival_crossed_arrows
D:2:      lemuel_coloured_pillars_altar, grunt_decor_cap
D:3:      uniq_sigmund
D:5:      lemuel_temple_firewalk_a, first_bread,
          grunt_dithmenos_smoke_and_mirrors
Temple:   minmay_crystal_snake_temple

Skill      XL: |  1  2  3  4  5  6  7  8  9 10 |
---------------+-------------------------------+-----
Short Blades   | 1 2 3 4 7 |  7.2
Fighting       | 5 6 7 8 |  8.9
Dodging        | 1 3 4 7 8 |  8.0
Stealth        | 5 |  5.7
Maces & Flails | 3 4 5 |  5.5
Crossbows      | 1 4 7 |  7.5
Long Blades    | 3 8 |  8.3
Armour         | 6 7 |  7.4
Spellcasting   | 5 |  5.6
Evocations     | 5 |  5.7
Axes           | |  1.7
Unarmed Combat | |  4.9

Action                   |  1- 3 |  4- 6 |  7- 9 | 10-12 || total
-------------------------+-------+-------+-------+-------++-------
Melee: Dagger            |   100 |       |       |       ||   100
       Bite              |    10 |     6 |    19 |     5 ||    40
       Short sword       |    20 |    57 |    17 |       ||    94
       Punch             |     1 |     2 |     5 |     1 ||     9
       Morningstar       |       |    59 |    21 |       ||    80
       Falchion          |       |    17 |     4 |       ||    21
       Long sword        |       |       |   210 |    19 ||   229
       War axe           |       |       |    12 |    28 ||    40
 Fire: Hand crossbow     |       |     9 |    67 |    14 ||    90
  Use: Scroll            |       |     4 |     5 |     1 ||    10
       Potion            |       |     1 |    11 |     1 ||    13
 Stab: Sleeping          |     3 |     4 |     5 |       ||    12
       Distracted        |       |     1 |       |       ||     1
  Eat: Chunk             |     2 |     7 |    11 |     1 ||    21
       Royal jelly       |     1 |       |     1 |       ||     2
Armor: Robe              |    16 |    64 |    15 |       ||    95
       Scale mail        |       |       |   104 |    21 ||   125
Dodge: Dodged            |    60 |   120 |   250 |    44 ||   474
       Rpst.: Falchion   |       |     3 |       |       ||     3
       Long sword        |       |       |    40 |     2 ||    42
